LOS ANGELES vs NEW JERSEY

Created - July 24, 2021 at 09:44

Goals
1 2 3 T
LOS ANGELES 0 0 1 1
NEW JERSEY 0 4 1 5
Shots
1 2 3 T
LOS ANGELES 7 4 4 15
NEW JERSEY 5 13 11 29

1st period

No Goal

Penalties :
Andrew Copp (NJ ) for High sticking (Minor) at 1:16, Dougie Hamilton (NJ ) for Holding (Minor) at 5:57, Dmitry Orlov (NJ ) for Hooking (Minor) at 11:40, Josh Manson (LOS) for Tripping (Minor) at 14:04

2nd period

1. NEW JERSEY , Jake Guentzel 8 (Evander Kane 10, Sean Couturier 17) at 1:39
2. NEW JERSEY , Sean Couturier 6 (Evander Kane 11, Jake Guentzel 12) at 3:13
3. NEW JERSEY , Dylan Strome 3 (Samuel Girard 6, Andrew Copp 5) at 5:45
4. NEW JERSEY , Sean Couturier 7 (Jake Guentzel 13, Jeff Petry 10) at 14:07

Penalties :
No Penalty

3rd period

5. LOS ANGELES , Artem Anisimov 4 (Travis Zajac 7) at 12:33
6. NEW JERSEY , Samuel Girard 5 (Alex DeBrincat 5, Dougie Hamilton 12) at 14:47 (PP)

Penalties :
Ryan McDonagh (LOS) for Hooking (Minor) at 9:50, Josh Manson (LOS) for Interference (Minor) at 14:35

Goalie Stats

Antti Raanta (LOS), 24 saves from 29 shots - (0.828), L, 14-6-2, 60:00 minutes
Matt Murray (NJ ), 14 saves from 15 shots - (0.933), W, 12-3-1, 60:00 minutes

Players Stats for LOS ANGELES

Player Name              G  A  P  +/- PIM S  H  SB GA TA FO     MP     PP MP  PK MP  
------------------------------------------------------------------------------------
Alex Goligoski           0  0  0   1  0   1  2  1  0  0  0/0    20:22   3:40   1:46 
Artem Anisimov           1  0  1   0  0   2  0  0  0  0  0/0    13:11   0:02   0:00 
Gabriel Bourque          0  0  0   0  0   0  0  0  0  0  0/0     7:36   0:00   0:00 
Johnny Boychuk           0  0  0  -2  0   2  1  2  0  0  0/0    15:46   0:02   0:00 
Jonathan Toews           0  0  0  -2  0   1  0  0  0  0  6/13   18:52   3:05   2:45 
Josh Manson              0  0  0  -2  4   0  0  0  0  0  0/0    16:06   0:00   0:24 
Kris Letang              0  0  0  -2  0   0  2  0  0  0  0/0    23:39   2:17   2:24 
Matthew Tkachuk          0  0  0  -1  0   1  2  0  0  0  0/0    18:58   2:52   0:00 
Mika Zibanejad           0  0  0  -1  0   2  0  0  0  0  11/30  21:43   2:52   2:45 
Mike Hoffman             0  0  0  -2  0   0  2  0  0  0  0/0    17:07   3:03   1:02 
Nick Bonino              0  0  0  -2  0   2  0  0  0  0  0/0    16:05   3:03   0:00 
Nick Cousins             0  0  0   0  0   1  0  0  0  0  1/2     7:59   0:00   0:23 
Riley Nash               0  0  0   0  0   0  0  0  0  0  1/3     7:36   0:00   0:00 
Ryan McDonagh            0  0  0  -2  2   0  2  1  0  0  0/0    20:24   2:15   1:08 
Tim Heed                 0  0  0   0  0   0  0  0  0  0  0/0     1:07   0:00   0:52 
Travis Zajac             0  1  1   0  0   1  1  0  0  0  5/15   13:32   0:00   0:23 
Tyler Seguin             0  0  0  -1  0   1  0  0  0  0  0/1    20:00   2:52   1:02 
Vladislav Namestnikov    0  0  0   0  0   1  0  0  0  0  1/1    13:11   0:02   0:00 
Zdeno Chara              0  0  0   1  0   0  3  1  0  0  0/0    22:33   3:40   1:46 

Players Stats for NEW JERSEY

Player Name              G  A  P  +/- PIM S  H  SB GA TA FO     MP     PP MP  PK MP  
------------------------------------------------------------------------------------
Alex DeBrincat           0  1  1   0  0   1  0  0  0  0  2/4    16:32   2:09   0:00 
Andrew Copp              0  1  1   0  2   1  2  0  0  0  11/15  13:41   0:00   1:41 
Anthony Duclair          0  0  0   0  0   2  1  0  0  0  1/1    16:32   2:09   0:00 
Brad Hunt                0  0  0   1  0   1  2  0  0  0  0/0    15:37   0:00   1:46 
Danton Heinen            0  0  0   0  0   0  0  0  0  0  0/0     6:34   0:00   0:00 
Derek Stepan             0  0  0   0  0   2  1  1  0  0  0/0    15:20   0:00   3:19 
Dmitry Orlov             0  0  0   0  2   0  0  2  0  0  0/0    19:42   1:57   2:19 
Dougie Hamilton          0  1  1   2  2   2  1  0  0  0  0/0    24:36   2:13   1:49 
Dylan Strome             1  0  1   0  0   3  1  0  0  0  0/2    12:01   0:00   0:00 
Evander Kane             0  2  2   3  0   1  5  0  0  0  0/0    21:34   2:01   2:38 
Jack Johnson             0  0  0   0  0   0  0  1  0  0  0/0    18:49   0:00   3:22 
Jake Guentzel            1  2  3   3  0   2  0  0  0  0  0/0    19:36   2:01   0:40 
Jeff Petry               0  1  1   2  0   2  2  1  0  0  0/0    25:10   1:57   2:38 
Mikael Granlund          0  0  0   0  0   3  1  0  0  0  8/12   17:08   2:09   0:36 
Samuel Girard            1  1  2   1  0   3  4  1  0  0  0/0    16:04   2:13   0:00 
Sean Couturier           2  1  3   3  0   5  0  0  0  0  15/25  21:56   2:01   3:00 
Victor Rask              0  0  0   0  0   0  0  0  0  0  3/5     6:34   0:00   0:00 
Zach Aston-Reese         0  0  0   0  0   1  2  0  0  0  0/1     6:34   0:00   0:00 

3 Stars

1 - Sean Couturier (NJ )
2 - Jake Guentzel (NJ )
3 - Evander Kane (NJ )

Power Play

LOS ANGELES - 0 on 3 Attempt(s) - 0.00%
NEW JERSEY - 1 on 3 Attempt(s) - 33.33%

Penalty Kill

LOS ANGELES - 2 on 3 Attempt(s) - 66.67% - Score 0 goal in Penalty Kill
NEW JERSEY - 3 on 3 Attempt(s) - 100.00% - Score 0 goal in Penalty Kill

Team Stat

LOS ANGELES - Hits : 15 - Faceoff Wins : 25 - Blocked Shots : 5 - Penalty Minutes : 6
NEW JERSEY - Hits : 22 - Faceoff Wins : 40 - Blocked Shots : 6 - Penalty Minutes : 6

Official

Referees : Jonathan Junk Googoo and Michael Markovic
Linesman : Greg Devorski and Jake Davis

Game Notes

No Game Note

Finance

Level 1 -- Attendance: 6000 (100.00%) -- Ticket Income $600,000
Level 2 -- Attendance: 5000 (100.00%) -- Ticket Income $300,000
Level 3 -- Attendance: 2000 (100.00%) -- Ticket Income $80,000
Level 4 -- Attendance: 4000 (100.00%) -- Ticket Income $80,000
Luxury Box -- Attendance: 1000 (100.00%) -- Ticket Income $180,000
Game was played at the Binghamton Devils.
Total Attendance: 18000 (100.00%)
Total Ticket Income: $1,240,000
Total Income: $1,240,000

LOS ANGELES

5 vs 5 Forward 
   Center                   Left Wing                Right Wing               Time % Phy DF OF 
 1 Mika Zibanejad           Tyler Seguin             Matthew Tkachuk          35     1   2  2  
 2 Jonathan Toews           Nick Bonino              Mike Hoffman             30     1   2  2  
 3 Travis Zajac             Vladislav Namestnikov    Artem Anisimov           25     1   2  2  
 4 Riley Nash               Nick Cousins             Gabriel Bourque          10     1   2  2  

5 vs 5 Defense 
   Defense                  Defense                                           Time % Phy DF OF 
 1 Kris Letang              Ryan McDonagh                                     35     1   2  2  
 2 Zdeno Chara              Alex Goligoski                                    30     1   2  2  
 3 Johnny Boychuk           Josh Manson                                       25     1   2  2  
 4 Zdeno Chara              Kris Letang                                       10     1   2  2  

PowerPlay Forward 
   Center                   Left Wing                Right Wing               Time % Phy DF OF 
 1 Mika Zibanejad           Tyler Seguin             Matthew Tkachuk          60     1   2  2  
 2 Jonathan Toews           Nick Bonino              Mike Hoffman             40     1   2  2  

PowerPlay Defense
   Defense                  Defense                                           Time % Phy DF OF 
 1 Kris Letang              Ryan McDonagh                                     60     1   2  2  
 2 Zdeno Chara              Alex Goligoski                                    40     1   2  2  

Penalty Kill 4 Players Forward 
   Center                   Wing                     Time % Phy DF OF 
 1 Mika Zibanejad           Jonathan Toews           60     1   2  2  
 2 Tyler Seguin             Mike Hoffman             40     1   2  2  

Penalty Kill 4 Players Defense
   Defense                  Defense                  Time % Phy DF OF 
 1 Kris Letang              Ryan McDonagh            60     1   2  2  
 2 Zdeno Chara              Alex Goligoski           40     1   2  2  

Penalty Kill - 3 Players Forward 
   Forward                                           Time % Phy DF OF 
 1 Mika Zibanejad                                    60     1   2  2  
 2 Jonathan Toews                                    40     1   2  2  

Penalty Kill - 3 Players Defense
   Defense                  Defense                  Time % Phy DF OF 
 1 Kris Letang              Ryan McDonagh            60     1   2  2  
 2 Zdeno Chara              Alex Goligoski           40     1   2  2  

4 vs 4 Forward 
   Center                   Wing                     Time % Phy DF OF 
 1 Mika Zibanejad           Jonathan Toews           60     1   2  2  
 2 Tyler Seguin             Matthew Tkachuk          40     1   2  2  

4 vs 4 Defense
   Defense                  Defense                  Time % Phy DF OF 
 1 Kris Letang              Ryan McDonagh            60     1   2  2  
 2 Zdeno Chara              Alex Goligoski           40     1   2  2  

Last Minutes Offensive
   Center                   Left Wing                Right Wing               Defense                  Defense                  
   Mika Zibanejad           Tyler Seguin             Mike Hoffman             Kris Letang              Ryan McDonagh            

Last Minutes Defensive
   Center                   Left Wing                Right Wing               Defense                  Defense                  
   Mika Zibanejad           Tyler Seguin             Mike Hoffman             Kris Letang              Ryan McDonagh            

Goaltenders
Starting : Antti Raanta             
Backup : Devin Williams           

Extra Forwards
Normal : Vladislav Namestnikov, Artem Anisimov, Nick Cousins - PP : Vladislav Namestnikov, Artem Anisimov - PK : Nick Cousins
Extra Defensemen
Normal : Johnny Boychuk, Josh Manson, Tim Heed - PP : Johnny Boychuk - PK : Josh Manson, Tim Heed
Penalty Shots
Mika Zibanejad, Jonathan Toews, Tyler Seguin, Mike Hoffman, Nick Bonino

Scratches
Valentin Zykov (Healthy), Jaroslav Halak (Healthy)

NEW JERSEY

5 vs 5 Forward 
   Center                   Left Wing                Right Wing               Time % Phy DF OF 
 1 Sean Couturier           Evander Kane             Jake Guentzel            40     1   1  3  
 2 Mikael Granlund          Anthony Duclair          Alex DeBrincat           30     1   1  3  
 3 Andrew Copp              Dylan Strome             Derek Stepan             20     2   2  1  
 4 Victor Rask              Danton Heinen            Zach Aston-Reese         10     1   2  2  

5 vs 5 Defense 
   Defense                  Defense                                           Time % Phy DF OF 
 1 Jeff Petry               Dougie Hamilton                                   43     1   2  2  
 2 Dmitry Orlov             Jack Johnson                                      31     1   2  2  
 3 Samuel Girard            Brad Hunt                                         26     1   2  2  
 4 Jeff Petry               Dougie Hamilton                                   0      1   2  2  

PowerPlay Forward 
   Center                   Left Wing                Right Wing               Time % Phy DF OF 
 1 Sean Couturier           Evander Kane             Jake Guentzel            60     0   1  4  
 2 Mikael Granlund          Alex DeBrincat           Anthony Duclair          40     0   1  4  

PowerPlay Defense
   Defense                  Defense                                           Time % Phy DF OF 
 1 Dougie Hamilton          Samuel Girard                                     60     1   1  3  
 2 Jeff Petry               Dmitry Orlov                                      40     1   1  3  

Penalty Kill 4 Players Forward 
   Center                   Wing                     Time % Phy DF OF 
 1 Sean Couturier           Derek Stepan             60     1   3  1  
 2 Andrew Copp              Evander Kane             40     1   3  1  

Penalty Kill 4 Players Defense
   Defense                  Defense                  Time % Phy DF OF 
 1 Jeff Petry               Dougie Hamilton          60     1   3  1  
 2 Dmitry Orlov             Jack Johnson             40     1   3  1  

Penalty Kill - 3 Players Forward 
   Forward                                           Time % Phy DF OF 
 1 Sean Couturier                                    60     1   3  1  
 2 Andrew Copp                                       40     1   3  1  

Penalty Kill - 3 Players Defense
   Defense                  Defense                  Time % Phy DF OF 
 1 Jeff Petry               Dougie Hamilton          60     1   3  1  
 2 Dmitry Orlov             Jack Johnson             40     1   3  1  

4 vs 4 Forward 
   Center                   Wing                     Time % Phy DF OF 
 1 Sean Couturier           Evander Kane             60     0   1  4  
 2 Jake Guentzel            Alex DeBrincat           40     0   1  4  

4 vs 4 Defense
   Defense                  Defense                  Time % Phy DF OF 
 1 Samuel Girard            Jeff Petry               60     0   2  3  
 2 Dmitry Orlov             Dougie Hamilton          40     0   2  3  

Last Minutes Offensive
   Center                   Left Wing                Right Wing               Defense                  Defense                  
   Sean Couturier           Evander Kane             Jake Guentzel            Jeff Petry               Dougie Hamilton          

Last Minutes Defensive
   Center                   Left Wing                Right Wing               Defense                  Defense                  
   Sean Couturier           Evander Kane             Jake Guentzel            Jeff Petry               Dougie Hamilton          

Goaltenders
Starting : Matt Murray              
Backup : Cal Petersen             

Extra Forwards
Normal : Andrew Copp, Victor Rask, Mikael Granlund - PP : Andrew Copp, Victor Rask - PK : Mikael Granlund
Extra Defensemen
Normal : Samuel Girard, Brad Hunt, Dmitry Orlov - PP : Samuel Girard - PK : Brad Hunt, Dmitry Orlov
Penalty Shots
Sean Couturier, Evander Kane, Jake Guentzel, Alex DeBrincat, Derek Stepan

Scratches
Jonathan Bernier (Healthy)

% Time on Ice - LOS ANGELES

Lines # - Real PCT - Wanted PCT - Time Play
Normal Forward
1 - 32% - 35% - 16:06
2 - 26% - 30% - 13:02
3 - 26% - 25% - 13:09
4 - 15% - 10% - 7:36
Normal Defense
1 - 34% - 35% - 17:02
2 - 30% - 30% - 14:56
3 - 32% - 25% - 15:44
4 - 4% - 10% - 2:11
PP Forward
1 - 48% - 60% - 2:52
2 - 52% - 40% - 3:05
PP Defense
1 - 38% - 60% - 2:17
2 - 62% - 40% - 3:40
PK Forward
1 - 75% - 60% - 3:08
2 - 25% - 40% - 1:02
PK Defense
1 - 58% - 60% - 2:24
2 - 42% - 40% - 1:46
PK3 Forward
1 - 0% - 60%
2 - 0% - 40%
PK3 Defense
1 - 0% - 60%
2 - 0% - 40%
44 Forward
1 - 0% - 60%
2 - 0% - 40%
44 Defense
1 - 0% - 60%
2 - 0% - 40%
Last Minute Offensive  - 0:00
Last Minute Defensive  - 0:00
Total
Forward - 60:00
Defense - 60:00

% Time on Ice - NEW JERSEY

Lines # - Real PCT - Wanted PCT - Time Play
Normal Forward
1 - 34% - 40% - 16:55
2 - 29% - 30% - 14:23
3 - 24% - 20% - 12:01
4 - 13% - 10% - 6:34
Normal Defense
1 - 41% - 43% - 20:35
2 - 31% - 31% - 15:27
3 - 28% - 26% - 13:51
4 - 0% - 0% - 0:00
PP Forward
1 - 48% - 60% - 2:01
2 - 52% - 40% - 2:09
PP Defense
1 - 53% - 60% - 2:13
2 - 47% - 40% - 1:57
PK Forward
1 - 56% - 60% - 3:19
2 - 44% - 40% - 2:38
PK Defense
1 - 44% - 60% - 2:38
2 - 56% - 40% - 3:19
PK3 Forward
1 - 0% - 60%
2 - 0% - 40%
PK3 Defense
1 - 0% - 60%
2 - 0% - 40%
44 Forward
1 - 0% - 60%
2 - 0% - 40%
44 Defense
1 - 0% - 60%
2 - 0% - 40%
Last Minute Offensive  - 0:00
Last Minute Defensive  - 0:00
Total
Forward - 60:00
Defense - 60:00

Play-by-Play

1st period


0:01 of 1st period - Sean Couturier wins face-off versus Mika Zibanejad in neutral zone.
1:14 of 1st period - Shot by Mikael Granlund.
1:14 of 1st period - Stopped by Antti Raanta without a rebound.
1:15 of 1st period - Travis Zajac wins face-off versus Andrew Copp in LOS ANGELES zone.
1:15 of 1st period - Travis Zajac is hit by Dylan Strome.
1:16 of 1st period - Minor Penalty to Andrew Copp for High sticking.
1:17 of 1st period - Jonathan Toews wins face-off versus Sean Couturier in NEW JERSEY zone.
2:35 of 1st period - Dougie Hamilton is hit by Matthew Tkachuk and loses puck.
3:37 of 1st period - Off-side.
3:38 of 1st period - Alex DeBrincat wins face-off versus Riley Nash in neutral zone.
3:57 of 1st period - Shot by Mikael Granlund.
3:57 of 1st period - Shot Misses the Net.
4:09 of 1st period - Shot by Mikael Granlund.
4:09 of 1st period - Shot Blocked by Ryan McDonagh.
5:21 of 1st period - Icing by Evander Kane.
5:22 of 1st period - Jonathan Toews wins face-off versus Sean Couturier in NEW JERSEY zone.
5:29 of 1st period - Shot by Evander Kane.
5:29 of 1st period - Stopped by Antti Raanta without a rebound.
5:30 of 1st period - Mikael Granlund wins face-off versus Jonathan Toews in LOS ANGELES zone.
5:30 of 1st period - Mikael Granlund is hit by Zdeno Chara.
5:57 of 1st period - Minor Penalty to Dougie Hamilton for Holding.
5:58 of 1st period - Sean Couturier wins face-off versus Mika Zibanejad in NEW JERSEY zone.
6:19 of 1st period - Shot by Matthew Tkachuk.
6:19 of 1st period - Stopped by Matt Murray with a rebound.
6:21 of 1st period - Shot by Alex Goligoski.
6:21 of 1st period - Stopped by Matt Murray with a rebound.
6:23 of 1st period - Shot by Zdeno Chara.
6:23 of 1st period - Shot Misses the Net.
6:25 of 1st period - Shot by Zdeno Chara.
6:25 of 1st period - Shot Blocked by Dmitry Orlov.
6:27 of 1st period - Shot by Tyler Seguin.
6:27 of 1st period - Shot Misses the Net.
6:55 of 1st period - Icing by Mika Zibanejad.
6:56 of 1st period - Mika Zibanejad wins face-off versus Andrew Copp in LOS ANGELES zone.
6:58 of 1st period - Alex Goligoski is hit by Evander Kane.
7:04 of 1st period - Shot by Andrew Copp.
7:04 of 1st period - Shot Misses the Net.
7:38 of 1st period - Shot by Ryan McDonagh.
7:38 of 1st period - Shot Misses the Net.
8:26 of 1st period - Shot by Vladislav Namestnikov.
8:26 of 1st period - Stopped by Matt Murray with a rebound.
8:28 of 1st period - Shot by Johnny Boychuk.
8:28 of 1st period - Stopped by Matt Murray without a rebound.
8:29 of 1st period - Victor Rask wins face-off versus Riley Nash in NEW JERSEY zone.
8:58 of 1st period - Shot by Nick Cousins.
8:58 of 1st period - Stopped by Matt Murray with a rebound.
9:25 of 1st period - Jonathan Toews is hit by Brad Hunt.
10:21 of 1st period - Shot by Jake Guentzel.
10:21 of 1st period - Stopped by Antti Raanta without a rebound.
10:22 of 1st period - Andrew Copp wins face-off versus Travis Zajac in LOS ANGELES zone.
10:38 of 1st period - Off-side.
10:39 of 1st period - Mika Zibanejad wins face-off versus Mikael Granlund in neutral zone.
11:40 of 1st period - Minor Penalty to Dmitry Orlov for Hooking.
11:41 of 1st period - Sean Couturier wins face-off versus Jonathan Toews in NEW JERSEY zone.
11:59 of 1st period - Shot by Zdeno Chara.
11:59 of 1st period - Shot Misses the Net.
12:01 of 1st period - Shot by Nick Bonino.
12:01 of 1st period - Stopped by Matt Murray without a rebound.
12:02 of 1st period - Sean Couturier wins face-off versus Mika Zibanejad in NEW JERSEY zone.
12:17 of 1st period - Shot by Matthew Tkachuk.
12:17 of 1st period - Shot Misses the Net.
13:35 of 1st period - Off-side.
13:36 of 1st period - Sean Couturier wins face-off versus Mika Zibanejad in neutral zone.
13:56 of 1st period - Jeff Petry is hit by Johnny Boychuk and loses puck.
14:04 of 1st period - Minor Penalty to Josh Manson for Tripping.
14:05 of 1st period - Sean Couturier wins face-off versus Mika Zibanejad in LOS ANGELES zone.
14:18 of 1st period - Shot by Mika Zibanejad.
14:18 of 1st period - Stopped by Matt Murray without a rebound.
14:19 of 1st period - Anthony Duclair wins face-off versus Mika Zibanejad in NEW JERSEY zone.
14:35 of 1st period - Shot by Anthony Duclair.
14:35 of 1st period - Stopped by Antti Raanta without a rebound.
14:36 of 1st period - Mika Zibanejad wins face-off versus Sean Couturier in LOS ANGELES zone.
14:55 of 1st period - Off-side.
14:56 of 1st period - Alex DeBrincat wins face-off versus Mika Zibanejad in neutral zone.
16:25 of 1st period - Shot by Vladislav Namestnikov.
16:25 of 1st period - Shot Misses the Net.
17:40 of 1st period - Kris Letang is hit by Evander Kane.
17:57 of 1st period - Shot by Sean Couturier.
17:57 of 1st period - Shot Misses the Net.
17:59 of 1st period - Shot by Dougie Hamilton.
17:59 of 1st period - Shot Misses the Net.
18:07 of 1st period - Shot by Mika Zibanejad.
18:07 of 1st period - Shot Misses the Net.
18:45 of 1st period - Off-side.
18:46 of 1st period - Victor Rask wins face-off versus Jonathan Toews in neutral zone.
19:05 of 1st period - Shot by Danton Heinen.
19:05 of 1st period - Shot Misses the Net.
19:11 of 1st period - Shot by Zach Aston-Reese.
19:11 of 1st period - Stopped by Antti Raanta without a rebound.
19:12 of 1st period - Vladislav Namestnikov wins face-off versus Mikael Granlund in LOS ANGELES zone.
Goals for this period are 0 for LOS ANGELES vs 0 for NEW JERSEY.
Shots for this period are 7 for LOS ANGELES vs 5 for NEW JERSEY.

2nd period


0:01 of 2nd period - Mika Zibanejad wins face-off versus Sean Couturier in neutral zone.
0:11 of 2nd period - Shot by Jake Guentzel.
0:11 of 2nd period - Shot Misses the Net.
0:16 of 2nd period - Icing by Alex Goligoski.
0:17 of 2nd period - Andrew Copp wins face-off versus Mika Zibanejad in LOS ANGELES zone.
0:17 of 2nd period - Dylan Strome is hit by Alex Goligoski and loses puck.
0:33 of 2nd period - Dylan Strome is hit by Zdeno Chara and loses puck.
0:41 of 2nd period - Derek Stepan is hit by Alex Goligoski and loses puck.
1:15 of 2nd period - Mike Hoffman is hit by Jeff Petry and loses puck.
1:39 of 2nd period - Shot by Evander Kane.
1:39 of 2nd period - Deflect By Jake Guentzel.
1:39 of 2nd period - Goal by Jake Guentzel - LOS ANGELES : 0 - NEW JERSEY : 1.
1:40 of 2nd period - Mikael Granlund wins face-off versus Travis Zajac in neutral zone.
1:51 of 2nd period - Shot by Alex DeBrincat.
1:51 of 2nd period - Deflect By Mikael Granlund.
1:51 of 2nd period - Shot Blocked by Johnny Boychuk.
1:53 of 2nd period - Shot by Alex DeBrincat.
1:53 of 2nd period - Shot Misses the Net.
2:05 of 2nd period - Shot by Artem Anisimov.
2:05 of 2nd period - Stopped by Matt Murray without a rebound.
2:06 of 2nd period - Mika Zibanejad wins face-off versus Victor Rask in NEW JERSEY zone.
2:13 of 2nd period - Shot by Mika Zibanejad.
2:13 of 2nd period - Shot Misses the Net.
2:15 of 2nd period - Shot by Mika Zibanejad.
2:15 of 2nd period - Stopped by Matt Murray with a rebound.
2:47 of 2nd period - Shot by Mika Zibanejad.
2:47 of 2nd period - Shot Misses the Net.
3:09 of 2nd period - Shot by Sean Couturier.
3:09 of 2nd period - Shot Misses the Net.
3:11 of 2nd period - Shot by Sean Couturier.
3:11 of 2nd period - Deflect By Evander Kane.
3:11 of 2nd period - Shot Misses the Net.
3:13 of 2nd period - Shot by Sean Couturier.
3:13 of 2nd period - Goal by Sean Couturier - LOS ANGELES : 0 - NEW JERSEY : 2.
3:14 of 2nd period - Travis Zajac wins face-off versus Alex DeBrincat in neutral zone.
3:16 of 2nd period - Off-side.
3:17 of 2nd period - Travis Zajac wins face-off versus Sean Couturier in neutral zone.
3:31 of 2nd period - Icing by Johnny Boychuk.
3:32 of 2nd period - Mikael Granlund wins face-off versus Travis Zajac in LOS ANGELES zone.
3:45 of 2nd period - Shot by Travis Zajac.
3:45 of 2nd period - Stopped by Matt Murray without a rebound.
3:46 of 2nd period - Jonathan Toews wins face-off versus Sean Couturier in NEW JERSEY zone.
3:47 of 2nd period - Shot by Zdeno Chara.
3:47 of 2nd period - Shot Blocked by Jeff Petry.
3:49 of 2nd period - Shot by Alex Goligoski.
3:49 of 2nd period - Shot Misses the Net.
5:12 of 2nd period - Shot by Tyler Seguin.
5:12 of 2nd period - Stopped by Matt Murray without a rebound.
5:13 of 2nd period - Andrew Copp wins face-off versus Travis Zajac in NEW JERSEY zone.
5:45 of 2nd period - Shot by Dylan Strome.
5:45 of 2nd period - Goal by Dylan Strome - LOS ANGELES : 0 - NEW JERSEY : 3.
5:46 of 2nd period - Nick Cousins wins face-off versus Mikael Granlund in neutral zone.
6:50 of 2nd period - Shot by Dougie Hamilton.
6:50 of 2nd period - Stopped by Antti Raanta without a rebound.
6:51 of 2nd period - Sean Couturier wins face-off versus Mika Zibanejad in LOS ANGELES zone.
6:51 of 2nd period - Jake Guentzel is hit by Kris Letang and loses puck.
7:04 of 2nd period - Shot by Sean Couturier.
7:04 of 2nd period - Stopped by Antti Raanta with a rebound.
7:06 of 2nd period - Shot by Brad Hunt.
7:06 of 2nd period - Stopped by Antti Raanta without a rebound.
7:07 of 2nd period - Andrew Copp wins face-off versus Jonathan Toews in LOS ANGELES zone.
7:08 of 2nd period - Shot by Derek Stepan.
7:08 of 2nd period - Stopped by Antti Raanta without a rebound.
7:09 of 2nd period - Sean Couturier wins face-off versus Jonathan Toews in LOS ANGELES zone.
7:10 of 2nd period - Shot by Jake Guentzel.
7:10 of 2nd period - Shot Misses the Net.
7:31 of 2nd period - Shot by Jake Guentzel.
7:31 of 2nd period - Shot Misses the Net.
7:44 of 2nd period - Sean Couturier is hit by Kris Letang.
9:05 of 2nd period - Shot by Anthony Duclair.
9:05 of 2nd period - Stopped by Antti Raanta with a rebound.
9:56 of 2nd period - Shot by Samuel Girard.
9:56 of 2nd period - Stopped by Antti Raanta without a rebound.
9:57 of 2nd period - Jonathan Toews wins face-off versus Victor Rask in LOS ANGELES zone.
9:57 of 2nd period - Jonathan Toews is hit by Zach Aston-Reese.
10:04 of 2nd period - Alex Goligoski is hit by Samuel Girard and loses puck.
10:07 of 2nd period - Shot by Nick Bonino.
10:07 of 2nd period - Shot Misses the Net.
10:25 of 2nd period - Shot by Jonathan Toews.
10:25 of 2nd period - Shot Blocked by Samuel Girard.
11:10 of 2nd period - Mika Zibanejad is hit by Samuel Girard and loses puck.
12:16 of 2nd period - Off-side.
12:17 of 2nd period - Andrew Copp wins face-off versus Jonathan Toews in neutral zone.
12:20 of 2nd period - Shot by Derek Stepan.
12:20 of 2nd period - Stopped by Antti Raanta with a rebound.
12:26 of 2nd period - Shot by Mike Hoffman.
12:26 of 2nd period - Shot Blocked by Derek Stepan.
13:43 of 2nd period - Ryan McDonagh is hit by Jeff Petry and loses puck.
13:51 of 2nd period - Icing by Jeff Petry.
13:52 of 2nd period - Sean Couturier wins face-off versus Mika Zibanejad in NEW JERSEY zone.
14:07 of 2nd period - Shot by Sean Couturier.
14:07 of 2nd period - Goal by Sean Couturier - LOS ANGELES : 0 - NEW JERSEY : 4.
14:08 of 2nd period - Mikael Granlund wins face-off versus Travis Zajac in neutral zone.
14:13 of 2nd period - Shot by Mikael Granlund.
14:13 of 2nd period - Stopped by Antti Raanta without a rebound.
14:14 of 2nd period - Sean Couturier wins face-off versus Mika Zibanejad in LOS ANGELES zone.
14:53 of 2nd period - Shot by Sean Couturier.
14:53 of 2nd period - Shot Hit the Post.
14:55 of 2nd period - Shot by Evander Kane.
14:55 of 2nd period - Deflect By Sean Couturier.
14:55 of 2nd period - Stopped by Antti Raanta with a rebound.
15:16 of 2nd period - Jonathan Toews is hit by Brad Hunt and loses puck.
15:33 of 2nd period - Shot by Nick Bonino.
15:33 of 2nd period - Shot Misses the Net.
15:38 of 2nd period - Mike Hoffman is hit by Samuel Girard.
15:43 of 2nd period - Mike Hoffman is hit by Samuel Girard and loses puck.
16:54 of 2nd period - Shot by Gabriel Bourque.
16:54 of 2nd period - Shot Hit the Post.
17:10 of 2nd period - Shot by Nick Cousins.
17:10 of 2nd period - Shot Blocked by Jack Johnson.
17:35 of 2nd period - Tyler Seguin is hit by Andrew Copp and loses puck.
18:07 of 2nd period - Icing by Josh Manson.
18:08 of 2nd period - Victor Rask wins face-off versus Mika Zibanejad in LOS ANGELES zone.
19:15 of 2nd period - Evander Kane is hit by Ryan McDonagh and loses puck.
Goals for this period are 0 for LOS ANGELES vs 4 for NEW JERSEY.
Shots for this period are 4 for LOS ANGELES vs 13 for NEW JERSEY.

3rd period


0:01 of 3rd period - Sean Couturier wins face-off versus Mika Zibanejad in neutral zone.
0:04 of 3rd period - Alex Goligoski is hit by Evander Kane and loses puck.
2:07 of 3rd period - Icing by Samuel Girard.
2:08 of 3rd period - Andrew Copp wins face-off versus Mika Zibanejad in NEW JERSEY zone.
2:25 of 3rd period - Shot by Dylan Strome.
2:25 of 3rd period - Stopped by Antti Raanta without a rebound.
2:26 of 3rd period - Riley Nash wins face-off versus Sean Couturier in LOS ANGELES zone.
2:26 of 3rd period - Ryan McDonagh is hit by Evander Kane and loses puck.
2:39 of 3rd period - Icing by Jeff Petry.
2:40 of 3rd period - Sean Couturier wins face-off versus Jonathan Toews in NEW JERSEY zone.
2:40 of 3rd period - Sean Couturier is hit by Mike Hoffman.
2:47 of 3rd period - Jake Guentzel is hit by Zdeno Chara and loses puck.
2:52 of 3rd period - Shot by Sean Couturier.
2:52 of 3rd period - Shot Blocked by Alex Goligoski.
3:42 of 3rd period - Shot by Anthony Duclair.
3:42 of 3rd period - Shot Misses the Net.
4:03 of 3rd period - Dmitry Orlov is hit by Matthew Tkachuk and loses puck.
4:19 of 3rd period - Icing by Ryan McDonagh.
4:20 of 3rd period - Andrew Copp wins face-off versus Mika Zibanejad in LOS ANGELES zone.
4:30 of 3rd period - Icing by Ryan McDonagh.
4:31 of 3rd period - Mika Zibanejad wins face-off versus Zach Aston-Reese in LOS ANGELES zone.
4:31 of 3rd period - Matthew Tkachuk is hit by Zach Aston-Reese and loses puck.
5:25 of 3rd period - Icing by Travis Zajac.
5:26 of 3rd period - Travis Zajac wins face-off versus Alex DeBrincat in LOS ANGELES zone.
5:44 of 3rd period - Shot by Mikael Granlund.
5:44 of 3rd period - Shot Misses the Net.
5:49 of 3rd period - Off-side.
5:50 of 3rd period - Jonathan Toews wins face-off versus Sean Couturier in neutral zone.
6:11 of 3rd period - Shot by Evander Kane.
6:11 of 3rd period - Shot Misses the Net.
6:13 of 3rd period - Shot by Sean Couturier.
6:13 of 3rd period - Stopped by Antti Raanta without a rebound.
6:14 of 3rd period - Mikael Granlund wins face-off versus Tyler Seguin in LOS ANGELES zone.
6:19 of 3rd period - Shot by Mikael Granlund.
6:19 of 3rd period - Shot Misses the Net.
6:27 of 3rd period - Matthew Tkachuk is hit by Mikael Granlund and loses puck.
6:33 of 3rd period - Mikael Granlund is hit by Ryan McDonagh and loses puck.
7:18 of 3rd period - Sean Couturier is hit by Mike Hoffman and loses puck.
7:29 of 3rd period - Shot by Nick Bonino.
7:29 of 3rd period - Shot Blocked by Dmitry Orlov.
7:31 of 3rd period - Shot by Nick Bonino.
7:31 of 3rd period - Shot Misses the Net.
7:35 of 3rd period - Shot by Jonathan Toews.
7:35 of 3rd period - Stopped by Matt Murray without a rebound.
7:36 of 3rd period - Andrew Copp wins face-off versus Travis Zajac in NEW JERSEY zone.
8:07 of 3rd period - Icing by Johnny Boychuk.
8:08 of 3rd period - Sean Couturier wins face-off versus Travis Zajac in LOS ANGELES zone.
8:17 of 3rd period - Shot by Sean Couturier.
8:17 of 3rd period - Deflect By Evander Kane.
8:17 of 3rd period - Shot Blocked by Johnny Boychuk.
8:48 of 3rd period - Shot by Jake Guentzel.
8:48 of 3rd period - Shot Misses the Net.
8:50 of 3rd period - Shot by Jeff Petry.
8:50 of 3rd period - Stopped by Antti Raanta with a rebound.
9:29 of 3rd period - Shot by Nick Bonino.
9:29 of 3rd period - Shot Misses the Net.
9:31 of 3rd period - Shot by Nick Bonino.
9:31 of 3rd period - Stopped by Matt Murray without a rebound.
9:32 of 3rd period - Mika Zibanejad wins face-off versus Andrew Copp in NEW JERSEY zone.
9:41 of 3rd period - Shot by Ryan McDonagh.
9:41 of 3rd period - Shot Misses the Net.
9:50 of 3rd period - Minor Penalty to Ryan McDonagh for Hooking.
9:51 of 3rd period - Sean Couturier wins face-off versus Mika Zibanejad in LOS ANGELES zone.
9:52 of 3rd period - Shot by Dougie Hamilton.
9:52 of 3rd period - Stopped by Antti Raanta without a rebound.
9:53 of 3rd period - Mika Zibanejad wins face-off versus Sean Couturier in LOS ANGELES zone.
10:04 of 3rd period - Shot by Jonathan Toews.
10:04 of 3rd period - Shot Misses the Net.
10:10 of 3rd period - Shot by Sean Couturier.
10:10 of 3rd period - Shot Misses the Net.
10:12 of 3rd period - Shot by Sean Couturier.
10:12 of 3rd period - Shot Misses the Net.
10:56 of 3rd period - Zdeno Chara is hit by Anthony Duclair and loses puck.
11:07 of 3rd period - Shot by Jeff Petry.
11:07 of 3rd period - Stopped by Antti Raanta with a rebound.
11:15 of 3rd period - Shot by Jeff Petry.
11:15 of 3rd period - Shot Misses the Net.
11:17 of 3rd period - Shot by Dmitry Orlov.
11:17 of 3rd period - Shot Misses the Net.
11:19 of 3rd period - Shot by Mikael Granlund.
11:19 of 3rd period - Stopped by Antti Raanta without a rebound.
11:20 of 3rd period - Sean Couturier wins face-off versus Mika Zibanejad in LOS ANGELES zone.
11:39 of 3rd period - Shot by Dougie Hamilton.
11:39 of 3rd period - Shot Misses the Net.
11:49 of 3rd period - Shot by Samuel Girard.
11:49 of 3rd period - Stopped by Antti Raanta with a rebound.
12:16 of 3rd period - Riley Nash is hit by Derek Stepan and loses puck.
12:33 of 3rd period - Shot by Artem Anisimov.
12:33 of 3rd period - Goal by Artem Anisimov - LOS ANGELES : 1 - NEW JERSEY : 4.
12:34 of 3rd period - Mikael Granlund wins face-off versus Travis Zajac in neutral zone.
12:42 of 3rd period - Icing by Zdeno Chara.
12:43 of 3rd period - Mikael Granlund wins face-off versus Travis Zajac in LOS ANGELES zone.
13:06 of 3rd period - Shot by Anthony Duclair.
13:06 of 3rd period - Shot Blocked by Zdeno Chara.
13:32 of 3rd period - Jeff Petry is hit by Travis Zajac and loses puck.
14:14 of 3rd period - Jonathan Toews is hit by Evander Kane and loses puck.
14:22 of 3rd period - Off-side.
14:23 of 3rd period - Andrew Copp wins face-off versus Mika Zibanejad in neutral zone.
14:28 of 3rd period - Shot by Andrew Copp.
14:28 of 3rd period - Stopped by Antti Raanta without a rebound.
14:29 of 3rd period - Mikael Granlund wins face-off versus Mika Zibanejad in LOS ANGELES zone.
14:32 of 3rd period - Shot by Alex DeBrincat.
14:32 of 3rd period - Shot Misses the Net.
14:35 of 3rd period - Minor Penalty to Josh Manson for Interference.
14:36 of 3rd period - Mika Zibanejad wins face-off versus Mikael Granlund in LOS ANGELES zone.
14:45 of 3rd period - Shot by Alex DeBrincat.
14:45 of 3rd period - Stopped by Antti Raanta with a rebound.
14:47 of 3rd period - Shot by Samuel Girard.
14:47 of 3rd period - Goal by Samuel Girard - LOS ANGELES : 1 - NEW JERSEY : 5.
14:48 of 3rd period - Andrew Copp wins face-off versus Travis Zajac in neutral zone.
15:01 of 3rd period - Travis Zajac is hit by Andrew Copp and loses puck.
15:15 of 3rd period - Icing by Andrew Copp.
15:16 of 3rd period - Mika Zibanejad wins face-off versus Andrew Copp in NEW JERSEY zone.
15:27 of 3rd period - Shot by Dylan Strome.
15:27 of 3rd period - Stopped by Antti Raanta without a rebound.
15:28 of 3rd period - Jonathan Toews wins face-off versus Sean Couturier in LOS ANGELES zone.
17:03 of 3rd period - Shot by Alex DeBrincat.
17:03 of 3rd period - Shot Misses the Net.
17:10 of 3rd period - Icing by Zdeno Chara.
17:11 of 3rd period - Mika Zibanejad wins face-off versus Dylan Strome in LOS ANGELES zone.
17:15 of 3rd period - Off-side.
17:16 of 3rd period - Travis Zajac wins face-off versus Dylan Strome in neutral zone.
18:30 of 3rd period - Icing by Dylan Strome.
18:31 of 3rd period - Andrew Copp wins face-off versus Nick Cousins in NEW JERSEY zone.
19:10 of 3rd period - Riley Nash is hit by Dougie Hamilton and loses puck.
19:43 of 3rd period - Shot by Mika Zibanejad.
19:43 of 3rd period - Shot Misses the Net.
19:45 of 3rd period - Shot by Johnny Boychuk.
19:45 of 3rd period - Stopped by Matt Murray with a rebound.
Goals for this period are 1 for LOS ANGELES vs 1 for NEW JERSEY.
Shots for this period are 4 for LOS ANGELES vs 11 for NEW JERSEY.